 Dungeon Crawl Stone Soup version 0.29.0-7-g18a832c13a (webtiles) character file.

Game seed: 3379588058842453564

33819 Anamonty the Black Sun (level 13, -1/103 HPs)
             Began as a Demonspawn Necromancer on Aug 30, 2022.
             Was a High Priest of Kikubaaqudgha.
             Slain by an 11-headed hydra (8 damage)
             ... on level 4 of the Lair of Beasts.
             The game lasted 00:58:43 (14696 turns).

Anamonty the Black Sun (Demonspawn Necromancer)    Turns: 14696, Time: 00:58:44

Health: -1/103     AC: 10    Str: 11    XL:     13   Next: 38%
Magic:  8/26       EV: 20    Int: 26    God:    Kikubaaqudgha [*****.]
Gold:   635        SH:  0    Dex: 14    Spells: 5/30 levels left

rFire   + . .      SeeInvis .   G - +7 halberd (elec)
rCold   . . .      Faith    .   (shield currently unavailable)
rNeg    . . .      Spirit   .   y - +1 robe of the Kangaroo {Regen+ Int+3}
rPois   .          Reflect  .   S - +0 helmet
rElec   .          Harm     .   L - +2 cloak {Stlth+}
rCorr   +          Rampage  .   v - +0 pair of gloves
Will    .....                   K - +1 pair of boots of the Hills {rF+ rCorr Int-2}
Stlth   +++.......              (no amulet)
HPRegen 1.07/turn               d - +6 ring of intelligence
MPRegen 0.20/turn               m - +4 ring of evasion

@: lethally poisoned (-1 -> -8), death channelling, animating dead
A: foul stench 2, powered by pain 1, sturdy frame 3, demonic touch 2
a: Renounce Religion, Unearth Wretches, Torment


You were on level 4 of the Lair of Beasts.
You worshipped Kikubaaqudgha.
Kikubaaqudgha was extremely pleased with you.
You visited 3 branches of the dungeon, and saw 17 of its levels.

You collected 1404 gold pieces.
You spent 769 gold pieces at shops.

Inventory:

Hand Weapons
 h - the +8 sling of Purpose {freeze, Int+5}
   (You found it on level 2 of the Dungeon)

   Any ammunition fired from it freezes those it strikes, dealing additional
   cold damage.
   It can also slow down cold-blooded creatures.
   Int:       It affects your intelligence (+5).
 o - a +2 short sword of electrocution
 s - the +10 quarterstaff of Plunder {chaos, rF+ rC+}
   (You found it on level 3 of the Dungeon)

   Each time it hits an enemy it has a different, random effect.
   rF:        It protects you from fire.
   rC:        It protects you from cold.
 G - a +7 halberd of electrocution (weapon)
Missiles
 l - a throwing net
Armour
 v - a +0 pair of gloves (worn)
 y - the +1 robe of the Kangaroo (worn) {Regen+ Int+3}
   (You took it off an orc wizard on level 5 of the Dungeon)

   Int:       It affects your intelligence (+3).
   Regen:     It increases your rate of health regeneration.
 J - the +5 scale mail of Inekipt {Harm Dex+2}
   (You bought it in a shop on level 7 of the Dungeon)

   Dex:       It affects your dexterity (+2).
   Harm:      It increases damage dealt and taken.
 K - the +1 pair of boots of the Hills (worn) {rF+ rCorr Int-2}
   (You bought it in a shop on level 7 of the Dungeon)

   Int:       It affects your intelligence (-2).
   rF:        It protects you from fire.
   rCorr:     It protects you from acid and corrosion.
 L - a +2 cloak of stealth (worn)
 S - a +0 helmet (worn)
Jewellery
 d - a +6 ring of intelligence (left hand)
 j - a ring of ice
 m - a +4 ring of evasion (right hand)
 z - a ring of wizardry
 O - a ring of ice
 R - a ring of flight
Wands
 u - a wand of polymorph (17)
 w - a wand of paralysis (4)
 P - a wand of flame (11) (quivered)
 U - a wand of light (6)
 W - a wand of digging (3)
Scrolls
 a - a scroll of fear {unknown}
 c - 2 scrolls of brand weapon
 f - 3 scrolls of vulnerability
 k - 4 scrolls of magic mapping {unknown}
 n - 2 scrolls of butterflies {unknown}
 r - a scroll of immolation
 x - 5 scrolls of teleportation
 C - 5 scrolls of poison {unknown}
 F - 2 scrolls of blinking {unknown}
 H - a scroll of amnesia
 N - 4 scrolls of noise {unknown}
 Q - 2 scrolls of enchant weapon {unknown}
Potions
 b - 3 potions of magic
 e - a potion of ambrosia
 g - 4 potions of curing
 i - a potion of cancellation
 p - a potion of lignification {unknown}
 q - a potion of attraction {unknown}
 t - a potion of resistance {unknown}
 A - 3 potions of heal wounds
 B - 4 potions of might
 D - 2 potions of berserk rage
 E - 2 potions of brilliance
 I - a potion of mutation {unknown}
 M - 2 potions of flight {unknown}
 T - a potion of degeneration {unknown}
Miscellaneous
 V - a box of beasts


   Skills:
 + Level 9.8 Fighting
 + Level 4.9 Polearms
 - Level 5.0 Ranged Weapons
 + Level 9.3 Dodging
 - Level 1.7 Stealth
 + Level 9.3 Spellcasting
 + Level 15.5 Necromancy
 + Level 1.7 Evocations


You had 5 spell levels left.
You knew the following spells:

 Your Spells              Type           Power      Damage    Failure   Level
a - Necrotise             Necr           100%       1d9       0%          1
b - Vampiric Draining     Necr           75%        2d11      1%          3
c - Animate Dead          Necr           75%        N/A       1%          4
d - Borgnjor's Vile Clut  Necr/Erth      25%        N/A       5%          5
e - Anguish               Hex/Necr       25%        N/A       1%          4
f - Death Channel         Necr           37%        N/A       1%          6
g - Sublimation of Blood  Necr           75%        N/A       0%          2

Your spell library contained the following spells:

 Spells                   Type           Power      Damage    Failure   Level
 Agony                    Necr           75%        N/A       1%          5
 Beastly Appendage        Tmut           24%        N/A       4%          1
 Shock                    Conj/Air       48%        1d6       4%          1
 Slow                     Hex            48%        N/A       4%          1
 Summon Small Mammal      Summ           48%        N/A       4%          1
 Corpse Rot               Necr/Pois/Air  39%        N/A       6%          4
 Ensorcelled Hibernation  Hex/Ice        24%        N/A       8%          2
 Static Discharge         Conj/Air       12%        3-5/arc   8%          2
 Wereblood                Tmut           12%        N/A       8%          2
 Call Canine Familiar     Summ           12%        N/A       14%         3
 Confusing Touch          Hex            12%        N/A       14%         3
 Spider Form              Tmut/Pois      12%        N/A       14%         3
 Summon Guardian Golem    Hex/Summ       12%        N/A       14%         3
 Swiftness                Air            12%        N/A       14%         3
 Airstrike                Air            6%         2d(1-17)  43%         4
 Summon Lightning Spire   Summ/Air       12%        N/A       43%         4
 Lightning Bolt           Conj/Air       6%         1d18      80%         5
 Simulacrum               Ice/Necr       25%        N/A       30%         6
 Summon Hydra             Summ           6%         N/A       100%        7
 Maxwell's Capacitive Co  Air            6%         ∞         100%        8


Dungeon Overview and Level Annotations

Branches:
Dungeon (12/15)            Temple (1/1) D:4            Lair (4/5) D:11
  Swamp (0/4) Lair:2        Snake (0/4) Lair:3          Orc (0/2) D:11
  Slime: Lair:4-5

Altars:
Ashenzari
Cheibriados
Dithmenos
Fedhas
Gozag
Hepliaklqana
Kikubaaqudgha
Makhleb
Nemelex Xobeh
Okawaru
Qazlal
Ru
Sif Muna
Vehumet
Wu Jian
Xom
Yredelemnul

Shops:
D:7 [

Annotations:
D:10 4 runed translucent doors


Innate Abilities, Weirdness & Mutations

You sometimes emit foul miasma when damaged in melee.
You sometimes gain a little power by taking damage.
Your movements are significantly less encumbered by armour. (ER -6)
Your touch may inflict irresistible damage on your foes.


Message History

The ten-headed hydra bites you but does no damage.
The ten-headed hydra completely misses you. x2
The ten-headed hydra misses you.
The zombie hands constrict the ten-headed hydra.
The cane toad stings you!!
You are poisoned.
The cane toad poisons you!
The ten-headed hydra is engulfed in dark miasma.
The ten-headed hydra is poisoned.
The ten-headed hydra struggles to escape constriction.
Reach: G) +7 halberd (elec)
Press: ? - help, Dir - move target, f/p - ten-headed hydra
Aim: a ten-headed hydra (foul pestilence, severely wounded, poisoned, constricted by zombie hands, about 2% to evade your +7 halberd of electrocution)
You reach to attack!
You chop one of the ten-headed hydra's heads off!
The nine-headed hydra grows two more!
You hit the 11-headed hydra.
Lightning courses through the 11-headed hydra!
The 11-headed hydra is severely wounded.
The zombie hands constrict the 11-headed hydra!
You feel very sick. The cane toad stings you!
You emit a cloud of foul miasma!
The 11-headed hydra is engulfed in dark miasma.
The 11-headed hydra escapes!
The 11-headed hydra attacks as you move away!
The 11-headed hydra bites you but does no damage.
The 11-headed hydra bites you!
The 11-headed hydra bites you but does no damage.
The 11-headed hydra bites you.
* * * LOW HITPOINT WARNING * * *
You emit a cloud of foul miasma!
The 11-headed hydra bites you but does no damage.
The 11-headed hydra bites you!
* * * LOW HITPOINT WARNING * * *
The 11-headed hydra closely misses you. The 11-headed hydra bites you!
* * * LOW HITPOINT WARNING * * *
The 11-headed hydra bites you.
* * * LOW HITPOINT WARNING * * *
The 11-headed hydra bites you!
You die...
Kikubaaqudgha rasps: "You have failed me!
Welcome... death!"

##.... #...####
.#.....##..P#..
#..........P..###
................#
........#........
...............
.......○#†.P#
.......D#<.##
.......F@...#
........#...#
...........#...#
...........PP....
..........(P.....
>..........#.....
...........##..#.
..........# ...


You could see a 11-headed hydra (poisoned) and a cane toad.

Vanquished Creatures
  A two-headed ogre (D:8)
  A centaur warrior (D:8)
  Nergalle (Lair:2)
  A skeletal warrior (D:12)
  Lodul (D:10)
  A deep elf pyromancer (D:12)
  2 cyclopes
  A black mamba (Lair:2)
  Maurice (D:9)
  6 cane toads
  A gargoyle (D:8)
  An unseen horror (D:9)
  A komodo dragon (Lair:3)
  4 trolls
  A slime creature (D:8)
  A wraith (D:11)
  15 yaks
  3 wyverns
  2 steam dragons
  2 vampire mosquitoes (D:11)
  2 basilisks
  Menkaure (D:5)
  An acid dragon (D:10)
  6 water moccasins
  5 black bears
  2 orc warriors
  2 sky beasts
  2 ice beasts
  8 ogres
  A centaur (D:6)
  A wolf (Lair:2)
  2 phantoms (D:4)
  A lemure (D:6)
  A kobold brigand (D:7)
  8 bullfrogs
  4 gnoll sergeants
  2 necrophages (D:5)
  A scorpion (D:4)
  16 wights
  A troll zombie (D:10)
  8 killer bees
  7 howler monkeys
  6 electric eels (D:9)
  4 jellies
  4 orc priests
  2 hounds
  2 gnoll boudas
  4 iguanas
  11 orc wizards
  3 hell rats (Lair:2)
  2 killer bee zombies (D:10)
  9 adders
  26 gnolls
  4 river rats (Lair:3)
  A shadow imp (D:6)
  3 white imps
  An ufetubus (D:5)
  An orc zombie (D:9)
  A worm (D:3)
  4 dart slugs
  31 orcs
  12 ball pythons
  5 bats
  5 endoplasms
  4 giant cockroaches
  10 goblins
  13 hobgoblins
  11 jackals
  13 kobolds
  A quokka (D:2)
  4 frilled lizards
  A kobold zombie (D:9)
  3 rats
330 creatures vanquished.

Vanquished Creatures (collateral kills)
  A centaur warrior (D:8)
  A boulder beetle (D:11)
  2 bog bodies (Lair:2)
  Pikel (D:6)
  8 elephants
  A black mamba (Lair:3)
  A cane toad (Lair:2)
  4 komodo dragons
  A slime creature (D:8)
  A wyvern (Lair:3)
  27 yaks
  3 water moccasins
  Duvessa (D:7)
  An orc warrior (D:9)
  A sky beast (D:7)
  An ice beast (D:6)
  4 wolves (Lair:2)
  3 ogres
  A lemure (D:6)
  A centaur (D:7)
  A kobold brigand (D:8)
  A scorpion (D:11)
  5 wights
  Dowan (D:7)
  7 killer bees
  A howler monkey (D:7)
  A hound (D:6)
  2 orc wizards (D:8)
  5 hell rats
  6 gnolls
  2 river rats (Lair:3)
  6 orcs
  A jackal (D:1)
  A kobold (D:8)
  A ball python (D:1)
  A rat (Lair:3)
106 creatures vanquished.

Vanquished Creatures (others)
  2 hydras
  2 boulder beetles
  An anaconda (Lair:3)
  A two-headed ogre (D:8)
  4 cyclopes
  2 centaur zombies (D:8)
  A cane toad (Lair:2)
  2 hornets
  A slime creature (D:7)
  A dream sheep (Lair:3)
  A slime creature zombie (D:7)
  6 yaks
  A wyvern (D:8)
  A basilisk (Lair:3)
  A cane toad zombie (Lair:2)
  An acid dragon (shapeshifter) (D:8)
  3 orc warriors
  An elephant zombie (Lair:2)
  2 ogres (D:10)
  A wolf (Lair:2)
  3 wyvern zombies (D:8)
  A cyclops zombie (D:9)
  A water moccasin zombie (D:8)
  A troll zombie (D:11)
  7 yak zombies
  6 killer bees
  A howler monkey (D:8)
  5 wolf zombies (Lair:2)
  4 bullfrog zombies
  A basilisk zombie (D:8)
  A jelly (D:8)
  3 black bear zombies
  2 orc wizards
  A scorpion zombie (D:11)
  11 killer bee zombies
  An ice beast zombie (D:6)
  An ogre zombie (D:6)
  A sky beast zombie (D:8)
  3 hell rat zombies (Lair:2)
  A howler monkey zombie (D:7)
  2 adders (D:8)
  A steam dragon zombie (D:8)
  2 jelly zombies
  2 adder zombies
  4 orcs
  A bat (D:9)
  A bat zombie (D:9)
  An endoplasm (D:8)
  8 gnoll zombies
  A jackal (D:7)
  2 kobolds
  A ball python zombie (D:3)
  An endoplasm zombie (D:8)
  A jackal zombie (D:7)
  7 kobold zombies
  21 orc zombies
  24 fungi
  36 plants
206 creatures vanquished.

Grand Total: 642 creatures vanquished

Notes
Turn   | Place    | Note
-------+----------+-------------------------------------------
     0 | D:1      | Anamonty the Demonspawn Necromancer began the quest for the
                  | Orb.
     0 | D:1      | Reached XP level 1. HP: 13/13 MP: 3/3
   102 | D:1      | Found a faded altar of an unknown god.
   216 | D:1      | Gained mutation: Your movements are slightly less
                  | encumbered by armour. (ER -2) [demonic ancestry]
   216 | D:1      | Reached XP level 2. HP: 20/20 MP: 3/5
   807 | D:1      | Reached skill level 1 in Fighting
   837 | D:1      | Gained mutation: Your touch may inflict minor irresistible
                  | damage on your foes. [demonic ancestry]
   837 | D:1      | Reached XP level 3. HP: 26/26 MP: 3/6
  1002 | D:2      | Identified the +8 sling of Purpose {freeze, Int+5}
  1181 | D:2      | Found a sparkling altar of Nemelex Xobeh.
  1210 | D:2      | Reached skill level 5 in Necromancy
  1406 | D:2      | Reached XP level 4. HP: 32/32 MP: 7/7
  1414 | D:2      | Learned a level 3 spell: Vampiric Draining
  1419 | D:2      | Learned a level 4 spell: Animate Dead
  2219 | D:3      | Identified the +10 quarterstaff of Plunder {chaos, rF+ rC+}
  2278 | D:3      | Gained mutation: You sometimes gain a little power by
                  | taking damage. [demonic ancestry]
  2278 | D:3      | Reached XP level 5. HP: 33/38 MP: 5/9
  2924 | D:3      | Reached skill level 1 in Ranged Weapons
  3089 | D:4      | Noticed a phantom
  3106 | D:4      | Killed a phantom
  3107 | D:4      | Reached skill level 6 in Necromancy
  3107 | D:4      | Gained mutation: Your movements are less encumbered by
                  | armour. (ER -4) [demonic ancestry]
  3107 | D:4      | Reached XP level 6. HP: 32/45 MP: 10/10
  3194 | D:4      | Found a stormy altar of Qazlal.
  3242 | D:4      | Noticed an ice beast
  3250 | D:4      | Killed an ice beast
  3310 | D:4      | Found a staircase to the Ecumenical Temple.
  3316 | D:4      | Identified the +9 dire flail "Riufagh" {vorpal, Fragile
                  | Int+4 Dex+2}
  3328 | Temple   | Entered the Ecumenical Temple
  3464 | D:4      | You fall into a shaft and drop 3 floors!
  3537 | D:6      | Noticed Pikel
  3547 | D:6      | Noticed a sky beast
  3552 | D:5      | Entered Level 5 of the Dungeon
  3601 | D:5      | Noticed Menkaure
  3606 | D:5      | Killed Menkaure
  3607 | D:5      | Gained mutation: Your movements are significantly less
                  | encumbered by armour. (ER -6) [demonic ancestry]
  3607 | D:5      | Reached XP level 7. HP: 7/51 MP: 10/12
  3627 | D:5      | Reached skill level 7 in Necromancy
  3630 | D:5      | HP: 2/50 [necrophage (2)]
  3997 | D:5      | Reached XP level 8. HP: 59/59 MP: 12/14
  4029 | D:5      | Identified the +1 robe of the Kangaroo {Regen+ Int+3}
  4422 | D:5      | Found a radiant altar of Vehumet.
  4458 | D:5      | Found an ancient bone altar of Kikubaaqudgha.
  4467 | D:5      | Reached skill level 8 in Necromancy
  4473 | D:5      | Became a worshipper of Kikubaaqudgha
  4528 | D:5      | Found a broken altar of Ashenzari.
  4682 | D:4      | Learned a level 5 spell: Agony
  5329 | D:4      | Reached * piety under Kikubaaqudgha
  5329 | D:4      | Received a gift from Kikubaaqudgha
  5888 | D:6      | Gained mutation: You may rarely emit foul miasma when
                  | damaged in melee. [demonic ancestry]
  5888 | D:6      | Reached XP level 9. HP: 66/66 MP: 13/16
  5993 | D:6      | Reached skill level 9 in Necromancy
  6016 | D:6      | Reached skill level 5 in Dodging
  6016 | D:6      | Reached skill level 5 in Spellcasting
  6079 | D:6      | Found an iron altar of Okawaru.
  6111 | D:6      | Killed Pikel
  6112 | D:6      | Reached skill level 5 in Fighting
  6390 | D:7      | Reached skill level 10 in Necromancy
  6513 | D:7      | Noticed Dowan
  6515 | D:7      | Noticed Duvessa
  6521 | D:7      | Killed Dowan
  6536 | D:7      | Killed Duvessa
  6693 | D:7      | Reached skill level 5 in Ranged Weapons
  6693 | D:7      | Gained mutation: You sometimes emit foul miasma when
                  | damaged in melee. [demonic ancestry]
  6693 | D:7      | Reached XP level 10. HP: 76/76 MP: 16/18
  6752 | D:7      | Reached ** piety under Kikubaaqudgha
  6758 | D:7      | Found Teet's Antique Armour Shop.
  6764 | D:7      | Bought a faintly glowing scale mail for 207 gold pieces
  6764 | D:7      | Identified the +5 scale mail of Inekipt {Harm Dex+2} (You
                  | bought it in a shop on level 7 of the Dungeon)
  6764 | D:7      | Bought a pair of glimmering boots for 218 gold pieces
  6764 | D:7      | Identified the +1 pair of boots of the Hills {rF+ rCorr
                  | Int-2} (You bought it in a shop on level 7 of the Dungeon)
  6764 | D:7      | Bought a glowing cloak for 172 gold pieces
  6764 | D:7      | Bought a pair of embroidered boots for 172 gold pieces
  6784 | D:7      | Learned a level 4 spell: Anguish
  7505 | D:8      | Reached skill level 11 in Necromancy
  7779 | D:8      | Noticed a gargoyle
  7853 | D:8      | Found an opulent altar of Gozag.
  7952 | D:8      | Found a shimmering altar of Xom.
  8082 | D:8      | Found an ornate altar of the Wu Jian Council.
  8180 | D:8      | Noticed a centaur warrior
  8232 | D:8      | Killed a centaur warrior
  8367 | D:8      | Reached skill level 12 in Necromancy
  8373 | D:8      | Reached XP level 11. HP: 67/84 MP: 21/21
  8522 | D:8      | Noticed a two-headed ogre
  8529 | D:8      | Killed a two-headed ogre
  9259 | D:9      | Noticed Maurice
  9268 | D:9      | Killed Maurice
  9317 | D:9      | Reached *** piety under Kikubaaqudgha
  9317 | D:9      | Received a gift from Kikubaaqudgha
  9326 | D:9      | Learned a level 6 spell: Death Channel
  9344 | D:9      | Found a shimmering blue altar of Sif Muna.
  9745 | D:9      | Reached skill level 13 in Necromancy
 10164 | D:10     | Entered Level 10 of the Dungeon
 10204 | D:10     | Found a runed translucent door.
 10221 | D:10     | Found a runed translucent door.
 10296 | D:10     | Noticed Lodul
 10300 | D:10     | Reached **** piety under Kikubaaqudgha
 10301 | D:10     | Reached skill level 1 in Polearms
 10305 | D:10     | Killed Lodul
 10488 | D:10     | Found a runed translucent door.
 10633 | D:10     | Found a runed translucent door.
 10820 | D:11     | Gained mutation: Your touch may inflict irresistible damage
                  | on your foes. [demonic ancestry]
 10820 | D:11     | Reached XP level 12. HP: 77/93 MP: 20/24
 10881 | D:11     | Found a staircase to the Lair.
 10896 | D:11     | Noticed a boulder beetle
 10904 | D:11     | Killed a boulder beetle
 11006 | D:11     | Noticed a boulder beetle
 11017 | D:11     | Killed a boulder beetle
 11018 | D:11     | Reached skill level 14 in Necromancy
 11021 | D:11     | Found a staircase to the Orcish Mines.
 11551 | D:11     | Learned a level 5 spell: Borgnjor's Vile Clutch
 11611 | D:12     | Noticed a five-headed hydra
 11720 | Lair:1   | Entered Level 1 of the Lair of Beasts
 11842 | Lair:1   | Learned a level 2 spell: Sublimation of Blood
 12950 | Lair:2   | Noticed Nergalle
 12958 | Lair:2   | Killed Nergalle
 12958 | Lair:2   | Reached ***** piety under Kikubaaqudgha
 12966 | Lair:2   | Reached skill level 15 in Necromancy
 13032 | Lair:2   | Reached XP level 13. HP: 101/101 MP: 23/25
 13169 | Lair:2   | Found a staircase to the Swamp.
 13753 | Lair:3   | Found a staircase to the Snake Pit.
 13900 | Lair:3   | Reached skill level 1 in Evocations
 14696 | Lair:4   | Slain by an 11-headed hydra

Illustrated notes

Levels and vault maps discovered:
D:1:      mrwooster_arrival_statue_2, layout_basic,
          shapermc_ecumenical_altar_totnotflames, minmay_misc_feat_cross
D:2:      layout_loops_corners, basic_altar, chequers_serial_rivers_room_b
D:3:      layout_loops_corners, minmay_misc_feat_pillars
D:4:      minmay_polygon_palace, layout_loops_corners, grunt_qazlal_sundering,
          temple_green, hangedman_decor_push, kennysheep_generic_room_12
D:5:      layout_cave_pools, nicolae_overflow_hidden_temple,
          nicolae_vehumet_radiance, evilmike_ruin_ashenzari,
          mainiacjoe_overflow_alcove_1, minmay_bent, uniq_menkaure
D:6:      layout_rooms, kennysheep_okawaru_gauntlet, uniq_pikel
D:7:      layout_gridville, serial_shops, shop, uniq_duvessa
D:8:      nzn_winding_woodlands_large [nzn_winding_woodlands_5x5_closed_star,
          nzn_winding_woodlands_5x15_garden,
          nzn_winding_woodlands_5x5_open_star,
          nzn_winding_woodlands_center_lodge,
          nzn_winding_woodlands_15x15_thick_spiral,
          nzn_winding_woodlands_center_diamonds,
          nzn_winding_woodlands_hourglass,
          nzn_winding_woodlands_5x15_split_checker,
          nzn_winding_woodlands_5x5_cross], layout_basic, lemuel_round_altar,
          lemuel_doored_altar, mainiacjoe_overflow_boulevard
D:9:      layout_cave_pods, mainiacjoe_overflow_surrounded_room,
          mainiacjoe_overflow_paths, serial_bayou_ford_a, minivault_14,
          evilmike_minifort, uniq_maurice
D:10:     layout_rooms, minmay_statue_crystal_thing, uniq_lodul
D:11:     layout_basic, grunt_lair_entry_orc_guard_hut, david_orc_2
D:12:     layout_rooms, uniq_sonja
Temple:   zaba_magenta_temple
Lair:1:   layout_layer_cave, beast_lair_carwin_11
Lair:2:   layout_cave_shapes, skrybe_swamp_entry_bodies, uniq_nergalle
Lair:3:   layout_cave_pods, dummy_snake_entry, serial_rivers,
          chequers_serial_rivers_micro_b, chequers_serial_rivers_large_b,
          chequers_serial_rivers_micro_d, chequers_serial_rivers_marsh,
          chequers_serial_rivers_room_a, kennysheep_rathole,
          infiniplex_staircase_pool
Lair:4:   layout_gridlike, slime_entry_1, grunt_megastairs_1

Skill      XL: |  1  2  3  4  5  6  7  8  9 10 11 12 13 |
---------------+----------------------------------------+-----
Dodging        | 2 3 4 5 6 7 8 9 |  9.3
Fighting       | 1 2 3 4 5 7 8 9 |  9.8
Necromancy     | 5 6 7 8 10 12 13 15 | 15.5
Ranged Weapons | 1 2 3 5 |  5.0
Spellcasting   | 3 4 5 6 8 9 |  9.3
Polearms       | 1 4 |  4.9
Evocations     | 1 |  1.7
Stealth        | |  1.7

Action                   |  1- 3 |  4- 6 |  7- 9 | 10-12 | 13-15 || total
-------------------------+-------+-------+-------+-------+-------++-------
Melee: Short sword       |    10 |       |       |       |       ||    10
       Punch             |     1 |       |       |       |       ||     1
       Quarterstaff      |       |    24 |   112 |       |       ||   136
       Halberd           |       |       |    15 |   367 |    50 ||   432
 Fire: Sling             |    14 |    76 |    82 |    38 |       ||   210
 Cast: Necrotise         |    42 |     5 |     9 |     3 |       ||    59
       Animate Dead      |       |     6 |    14 |    24 |     3 ||    47
       Vampiric Draining |       |       |     1 |     6 |       ||     7
       Anguish           |       |       |       |    30 |     2 ||    32
       Death Channel     |       |       |       |    15 |     9 ||    24
       Agony             |       |       |       |     4 |       ||     4
       Borgnjor's Vile C |       |       |       |    16 |     8 ||    24
       Sublimation of Bl |       |       |       |     4 |       ||     4
Invok: Unearth Wretches  |       |       |     1 |     5 |     1 ||     7
Evoke: Wand              |       |     3 |     8 |    12 |       ||    23
  Use: Scroll            |     3 |     3 |     5 |     9 |       ||    20
       Potion            |       |       |       |     3 |       ||     3
 Stab: Sleeping          |       |     1 |     2 |     8 |     3 ||    14
       Paralysed         |       |       |     1 |     5 |     1 ||     7
       Distracted        |       |       |       |     4 |     1 ||     5
Armor: Robe              |     7 |     5 |    31 |   100 |    10 ||   153
Dodge: Dodged            |    27 |    50 |   168 |   481 |    54 ||   780
